Map: Lerilak Crest

Players

LilDicky

  • Race: Terran Terran
  • League: Diamond

MellonTiger - Winner!

  • Race: Zerg Zerg
  • League: Diamond

VOD

http://www.twitch.tv/tumescentpie

Description

Time

  • Played on: Dec. 8, 2015, 8:57 p.m.
  • Length: 6:46
Show
View Real Time Build Order
Export as new Build Order

LilDicky Terran 

Build Orders: Reaper Expand 

Get SALT Encoding   

  12  0:01  SCV  
  13  0:14  SCV  
  13  0:17  Supply Depot  
  14  0:28  SCV  
  15  0:35  Refinery  
  15  0:40  SCV  
  16  0:53  SCV  
  17  1:04  Barracks  
  18  1:11  SCV  
  18  1:23  SCV  
  20  1:44  Command Center  
  19  1:51  Orbital Command  
  19  1:52  Reaper  
  20  1:55  Supply Depot  
  20  2:06  Factory  
  20  2:16  SCV  
  21  2:24  Reaper  
  21  2:28  SCV  
  23  2:40  SCV  
  24  2:50  Hellion  
  26  2:58  SCV  
  27  3:02  Barracks Reactor  
  27  3:05  Command Center, Orbital Command  
  27  3:25  SCV  
  28  3:32  Factory  
  28  3:35  SCV  
  28  3:37  SCV  
  30  3:47  SCV  
  31  3:49  SCV  
  32  4:00  Hellion  
  34  4:05  Hellion  
  34  4:06  SCV  
  34  4:07  SCV  
  38  4:10  Barracks Tech Lab  
  38  4:18  SCV, Refinery  
  38  4:19  SCV  
  41  4:27  Supply Depot, Hellion, Refinery  
  41  4:28  Hellion  
  41  4:30  Orbital Command  
  44  4:33  Engineering Bay  
  44  4:40  SCV x2  
  44  4:41  Barracks Tech Lab  
  44  4:42  Starport  
  44  4:44  Hellion  
  48  4:49  Hellion  
  48  4:52  SCV  
  53  4:53  Hellion  
  53  4:56  Infernal Pre-Igniter  
  53  5:10  Hellion x2  
  55  5:29  Hellion  
  55  5:31  Hellion  
  59  5:36  Banshee  
  59  5:38  Hellion  
  64  5:46  Missile Turret  
  64  5:47  Missile Turret  
  64  5:48  Armory, Missile Turret  
  64  5:51  Hellion  
  66  6:00  Refinery  
  66  6:05  Command Center  
  66  6:08  Hellion  
  68  6:13  Hellion  
  68  6:17  Command Center  
Show
View Real Time Build Order
Export as new Build Order

MellonTiger Zerg - Winner!

Build Orders: 3 Hatch before Pool 

Get SALT Encoding   

  12  0:01  Drone  
  13  0:12  Overlord  
  13  0:17  Drone  
  14  0:30  Drone x2  
  16  0:36  Drone  
  17  0:54  Hatchery  
  16  0:59  Drone  
  17  1:25  Hatchery  
  16  1:33  Spawning Pool  
  16  1:34  Drone  
  16  1:38  Drone  
  17  1:41  Extractor  
  17  1:43  Drone  
  17  1:48  Drone  
  18  1:56  Overlord  
  18  2:10  Drone  
  18  2:12  Drone  
  20  2:19  Queen  
  22  2:22  Queen  
  22  2:26  Zergling x2  
  22  2:29  Drone  
  26  2:31  Drone  
  26  2:36  Drone  
  28  2:41  Queen  
  28  2:44  Drone  
  31  2:50  Drone x2  
  33  2:52  Extractor  
  32  2:59  Drone x2  
  32  3:04  Queen  
  36  3:12  Drone x2  
  38  3:25  Roach Warren  
  36  3:33  Spine Crawler  
  35  3:34  Drone x3  
  35  3:35  Drone  
  35  3:36  Drone x2  
  41  3:43  Drone  
  42  3:52  Lair  
  42  4:05  Overlord x2  
  42  4:12  Spine Crawler  
  41  4:20  Overlord  
  41  4:25  Roach  
  41  4:26  Roach x5  
  41  4:27  Evolution Chamber x2  
  41  4:29  Drone  
  52  4:32  Drone x2  
  52  4:38  Drone, Extractor  
  54  4:39  Drone, Extractor  
  54  4:41  Drone  
  54  4:43  Drone  
  56  5:08  Glial Reconstitution  
  56  5:11  Drone x2  
  56  5:12  Drone x2  
  60  5:16  Drone x4  
  64  5:30  Roach  
  64  5:31  Overlord x2  
  66  5:43  Overlord  
  66  5:54  Ravager  
  66  5:55  Ravager x5  
  74  5:57  Roach  
  74  5:58  Roach  
  74  6:03  Drone x3  
  74  6:04  Drone x2, Roach  
  81  6:05  Roach x2  
  87  6:13  Drone x2, Overlord x2  
Tags
 
Add a new tag
Caveats
  • Supply blocks, unpowered buildings, or Contaminate may cause inaccurate times.
  • Supply counts are checked every 10 seconds.